 Dungeon Crawl Stone Soup version 0.21.0-25-ge575cb9 (webtiles) character file.

74 Mirai the Digger (level 4, -5/24 HPs)
             Began as a Gargoyle Earth Elementalist on Jan 26, 2018.
             Killed by divine providence
             ... invoked by an orc priest
              (12 damage)
             ... on level 3 of the Dungeon.
             The game lasted 00:09:44 (1684 turns).

Mirai the Digger (Gargoyle Earth Elementalist)      Turns: 1684, Time: 00:09:45

Health: -5/24      AC:  5    Str: 12    XL:     4   Next: 30%
Magic:  3/8        EV: 12    Int: 16    God:
Gold:   98         SH:  0    Dex: 10    Spells: 3/9 levels left

rFire    + . .     SeeInvis .   t - +1 war axe (elec)
rCold    x . .     Gourm    .   (no shield)
rNeg     + . .     Faith    .   c - +0 robe
rPois    ∞         Spirit   .   (no helmet)
rElec    +         Reflect  .   (no cloak)
rCorr    .         Harm     .   (no gloves)
MR       .....                  (no boots)
Stlth    ++........             (no amulet)
HPRegen  0.08/turn              k - ring of fire
MPRegen  0.11/turn              (no ring)

@: no status effects
A: negative energy resistance 1, electricity resistance, unbreathing,
petrification resistance, rot immunity, AC +3
a: no special abilities


You were on level 3 of the Dungeon.
You were not hungry.

You visited 1 branch of the dungeon, and saw 3 of its levels.

You collected 98 gold pieces.

Inventory:

Hand Weapons
 h - a +0 short sword
 j - a +0 dagger
 l - a +0 dagger
 m - a +0 hand axe
 o - a +0 dagger
 t - a +1 war axe of electrocution (weapon)
 u - a cursed -2 short sword
 v - a +0 dagger
 w - a +0 mace
Missiles
 b - 15 stones (quivered)
 g - 7 javelins
 r - 4 javelins of penetration
Armour
 c - a +0 robe (worn)
 i - a +0 robe
 n - a +0 scale mail
 p - a cursed +0 ring mail
Jewellery
 k - a ring of fire (left hand)
Wands
 q - a wand of acid (15)
Scrolls
 a - 6 scrolls of identify
 f - a scroll of blinking {unknown}
Potions
 s - a potion of berserk rage {unknown}
Books
 e - a book of Geomancy

   Spells                             Type                      Level
   a - Sandblast                      Earth                        1
   b - Passwall                       Transmutation/Earth          2
   c - Stone Arrow                    Conjuration/Earth            3
   d - Petrify                        Transmutation/Earth          4
   e - Lee's Rapid Deconstruction     Earth                        5
Comestibles
 d - 3 rations


   Skills:
 - Level 1.5 Dodging
 - Level 2.2 Stealth
 + Level 3.1 Spellcasting
 - Level 0.7 Transmutations
 + Level 5.0 Earth Magic


You had 3 spell levels left.
You knew the following spells:

 Your Spells              Type           Power        Failure   Level  Hunger
a - Sandblast             Erth           ###...       2%          1    None
b - Passwall              Tmut/Erth      ##........   9%          2    ##.....
c - Stone Arrow           Conj/Erth      ##....       21%         3    ###....


Dungeon Overview and Level Annotations

Branches:
Dungeon (3/15)

Altars:


Innate Abilities, Weirdness & Mutations

You are resistant to torment.
Your stone body is resilient. (AC +3)
You are immune to poison.
You resist negative energy. (rN+)
You are resistant to electric shocks. (rElec)
You can survive without breathing.
You are immune to petrification.
You are immune to rotting.


Message History

The orc priest is heavily wounded.
b - 15 stones The orc hits you but does no damage.
Casting: Sandblast
Confirm with . or Enter, or press ? or * to list all spells.
You don't have enough magic to cast that spell.
Unknown command.
The kobold throws a stone.
The stone barely misses you.
The kobold throws a stone.
The stone misses you. The orc barely misses you.
The kobold throws a stone.
The stone barely misses you.
You see here a stone.
The kobold throws a stone.
The stone hits you but does no damage.
The kobold throws a stone.
The stone hits you.
* * * LOW HITPOINT WARNING * * *
You see here a stone.
The orc priest mumbles some strange prayers to Beogh against you.
Beogh smites you!
Ouch! That really hurt!
You die...

+.##.#>...........
#.........(...#....#
#...........#.#....#
######.#....#.#....
#....o.#.#...
#.###.K#.#..
........# #.o#.#.#
.##..######..#.#.#
#. #...).@....# <.
#####..#...#.###. .#
#..#.<.......
#..#.#.#.###.
#..#.#.#... .......#
### ##..#.### #..#..
.. #.


You could see an orc priest, an orc and a kobold.

Vanquished Creatures
  2 adders (D:2)
  An ooze (D:2)
  A worm (D:2)
  3 dart slugs (D:2)
  A leopard gecko (D:2)
  2 orcs (D:3)
  2 bats (D:1)
  2 giant cockroaches (D:2)
  3 goblins
  4 hobgoblins
  4 jackals (D:2)
  5 kobolds
  A quokka (D:2)
  5 frilled lizards
  3 rats
39 creatures vanquished.

Notes
Turn   | Place    | Note
-------+----------+-------------------------------------------
     0 | D:1      | Mirai the Gargoyle Earth Elementalist began the quest for the Orb.
     0 | D:1      | Reached XP level 1. HP: 10/10 MP: 3/3
   377 | D:1      | Reached skill level 4 in Earth Magic
   377 | D:1      | Reached XP level 2. HP: 12/15 MP: 0/5
   392 | D:1      | Learned a level 2 spell: Passwall
   864 | D:2      | Reached XP level 3. HP: 18/19 MP: 1/6
  1122 | D:2      | Learned a level 3 spell: Stone Arrow
  1262 | D:2      | Reached XP level 4. HP: 24/24 MP: 6/8
  1659 | D:3      | Reached skill level 5 in Earth Magic
  1684 | D:3      | Killed from afar by an orc priest

Skill      XL: |  1  2  3  4 |
---------------+-------------+-----
Earth Magic    | 4 5 |  5.0
Spellcasting   | 3 |  3.1
Dodging        | |  1.5
Stealth        | |  2.2
Transmutations | |  0.7

Action                   |  1- 3 |  4- 6 || total
-------------------------+-------+-------++-------
Melee: Dagger            |     5 |       ||     5
       War axe           |    18 |    18 ||    36
 Cast: Sandblast         |    37 |    11 ||    48
  Use: Scroll            |     4 |       ||     4
  Eat: Chunk             |     1 |     2 ||     3
Armor: Robe              |    10 |    14 ||    24
Dodge: Dodged            |    26 |    25 ||    51
